 Dungeon Crawl Stone Soup version 0.28-a0-1613-gdaab1c2f9b (webtiles) character file.

Game seed: 5090097889601619169

4026 mcsnuffy the Thaumaturge (level 10, -2/56 HPs)
             Began as a Deep Elf Fire Elementalist on Jan 21, 2022.
             Was a Believer of Sif Muna.
             Killed from afar by a manticore (9 damage)
             ... with a volley of spikes
             ... on level 7 of the Dungeon.
             The game lasted 00:30:14 (7616 turns).

mcsnuffy the Thaumaturge (DEFE)                     Turns: 7616, Time: 00:30:15

Health: -2/56      AC: 10    Str:  5    XL:     10   Next: 4%
Magic:  12/27      EV: 14    Int: 25    God:    Sif Muna [**....]
Gold:   314        SH:  0    Dex: 15    Spells: 24/31 levels left

rFire   . . .      SeeInvis .   e - +2 dagger (freeze)
rCold   . . .      Faith    .   (no shield)
rNeg    . . .      Spirit   .   H - +1 steam dragon scales
rPois   .          Reflect  .   l - +0 helmet
rElec   .          Harm     .   (no cloak)
rCorr   .          Rampage  .   m - +0 pair of gloves
Will    +....                   v - +1 pair of boots
Stlth   ++........              (no amulet)
HPRegen 0.18/turn               (no ring)
MPRegen 0.20/turn               (no ring)

@: about to teleport, spiked
A: no striking features
a: Renounce Religion, Channel Magic


You were on level 7 of the Dungeon.
You worshipped Sif Muna.
Sif Muna was pleased with you.
You visited 1 branch of the dungeon, and saw 7 of its levels.

You collected 314 gold pieces.


   Skills:
 - Level 4.0 Fighting
 - Level 6.0 Dodging
 - Level 2.4 Stealth
 + Level 11.0 Spellcasting
 - Level 7.0 Conjurations
 - Level 9.0 Fire Magic


You had 24 spell levels left.
You knew the following spells:

 Your Spells              Type           Power      Damage    Failure   Level
f - Foxfire               Conj/Fire      100%       2x1d9     1%          1
X - Scorch                Fire           100%       2d10      1%          2
Y - Flame Wave            Conj/Fire      52%        2d11      1%          4

Your spell library contained the following spells:

 Spells                   Type           Power      Damage    Failure   Level
 Conjure Flame            Conj/Fire      52%        6-21      1%          3
 Inner Flame              Hex/Fire       36%        N/A       1%          3
 Dazzling Flash           Conj/Hex       62%        N/A       3%          3
 Pain                     Necr           52%        1d6       4%          1
 Summon Small Mammal      Summ           52%        N/A       4%          1
 Corpse Rot               Necr/Air       26%        N/A       7%          2
 Ensorcelled Hibernation  Hex/Ice        26%        N/A       7%          2
 Call Canine Familiar     Summ           13%        N/A       13%         3
 Frozen Ramparts          Ice            26%        1d4       13%         3
 Gell's Gravitas          Tloc           13%        N/A       13%         3
 Lesser Beckoning         Tloc           13%        N/A       13%         3
 Portal Projectile        Hex/Tloc       26%        N/A       13%         3
 Summon Guardian Golem    Hex/Summ       13%        N/A       13%         3
 Teleport Other           Tloc           13%        N/A       13%         3
 Dispel Undead            Necr           13%        3d9       41%         4
 Ice Form                 Ice/Tmut       13%        N/A       41%         4
 Summon Ice Beast         Ice/Summ       13%        N/A       41%         4
 Agony                    Necr           13%        N/A       77%         5
 Excruciating Wounds      Necr           6%         N/A       77%         5
 Metabolic Englaciation   Hex/Ice        6%         N/A       77%         5
 Silence                  Hex/Air        6%         N/A       77%         5
 Death Channel            Necr           6%         N/A       100%        6
 Discord                  Hex            6%         N/A       100%        8

Inventory:

Hand Weapons
 e - a +2 dagger of freezing (weapon)
Armour
 a - a +0 robe
 l - a +0 helmet (worn)
 m - a +0 pair of gloves (worn)
 r - a scarf of harm
 v - a +1 pair of boots (worn)
 H - +1 steam dragon scales (worn)
Jewellery
 C - a ring of ice
 F - an amulet of regeneration
Wands
 i - a wand of flame (20)
 y - a wand of polymorph (12)
 A - a wand of iceblast (6)
 I - a wand of acid (7)
Scrolls
 b - 3 scrolls of fear {unknown}
 f - a scroll of blinking {unknown}
 h - 2 scrolls of immolation {unknown}
 j - a scroll of teleportation {@r2}
 k - 2 scrolls of enchant weapon
 n - 2 scrolls of acquirement
 q - 3 scrolls of magic mapping
 t - a scroll of holy word {unknown}
 u - a scroll of noise {unknown}
 w - a scroll of amnesia {unknown}
 B - a scroll of vulnerability {unknown}
 D - a scroll of fog {unknown}
Potions
 c - 4 potions of degeneration
 d - a potion of resistance
 g - 2 potions of flight
 o - a potion of haste {@q3}
 p - a potion of attraction
 s - a potion of might {unknown}
 x - 2 potions of curing {unknown}
 z - a potion of brilliance {unknown}
 E - a potion of ambrosia {unknown}
 G - a potion of mutation {unknown}

Dungeon Overview and Level Annotations

Branches:
Dungeon (7/15)             Temple (0/1) D:5

Altars:
Cheibriados
Qazlal
Sif Muna
Yredelemnul

Shops:
D:1 [ D:5

* #.........
#..░░░░░░░░░░
#.░.........░
#.░.........░
##.░░.......░░
#...░.......░
###.░░.....░░ #
#..░.....░
#.#..░░@..░░
#.##..░†..░
#..##.░░)░░░░W░ ░ .
#......░H░..D░ ░ ))
#......░░.░ ░░
###))))###......░░..░
░.
...).)...........░░.░
░░.
..g....##.........░░.
░░..
.....>##.....##....░..
░...


You could see a manticore.


Message History

The orc wizard flickers and vanishes!
Deactivating autopickup; reactivate with Ctrl-A.
As you read the scroll of teleportation {@r2}, it crumbles to dust.
You feel strangely unstable.
A puff of flame appears from out of thin air!
The puff of flame hits you!
* * * LOW HITPOINT WARNING * * *
The manticore flicks its tail.
The volley of spikes hits you!
The barbed spikes become lodged in your body.
* * * LOW HITPOINT WARNING * * *
Okay, then.
Aiming: Iceblast
Press: ? - help, Shift-Dir - straight line, f - manticore
Aim: a manticore The mass of ice explodes!
The iceblast engulfs something!
The iceblast engulfs the manticore!
The manticore is lightly wounded.
Aiming: Corrosive Bolt
Press: ? - help, Shift-Dir - straight line, f/p - manticore
Aim: a manticore (lightly wounded, 83% to hit)
The bolt of acid hits something!
The acid corrodes something!
Sif Muna accepts your kill.
Reactivating autopickup.
You feel a bit more experienced.
The bolt of acid hits the manticore!
The manticore is moderately wounded.
The manticore flicks its tail.
The volley of spikes hits you!
The barbed spikes become lodged in your body.
You die...

Skill      XL: |  1  2  3  4  5  6  7  8  9 |
---------------+----------------------------+-----
Fire Magic     | 4 5 6 9 |  9.0
Fighting       | 1 2 4 |  4.0
Conjurations   | 3 4 5 7 |  7.0
Spellcasting   | 5 11 | 11.0
Dodging        | 4 6 |  6.0
Stealth        | |  2.4

Action                   |  1- 3 |  4- 6 |  7- 9 | 10-12 || total
-------------------------+-------+-------+-------+-------++-------
Melee: Dagger            |    18 |    13 |    11 |       ||    42
 Cast: Foxfire           |    38 |    65 |   174 |       ||   277
       Scorch            |       |     5 |    24 |       ||    29
       Flame Wave        |       |       |    13 |     1 ||    14
Evoke: Wand              |       |       |     1 |     2 ||     3
  Use: Scroll            |       |       |     9 |     1 ||    10
       Potion            |       |       |     1 |       ||     1
 Stab: Sleeping          |     6 |       |       |       ||     6
Armor: Robe              |     2 |     9 |    27 |       ||    38
       Steam dragon scal |       |       |     5 |     1 ||     6
Dodge: Dodged            |    18 |    10 |    51 |       ||    79

Levels and vault maps discovered:
D:1:      shiori_arrival_oz, layout_basic, shapermc_ecumenical_altar_flowoftime,
          serial_shops, shop, minmay_fountain_box
D:2:      wad_river_or_something, layout_loops_ring, uniq_robin
D:3:      layout_rooms, mainiacjoe_overflow_concentric_impassable,
          lemuel_tele_altar
D:4:      layout_rooms, kennysheep_mini_moat, uniq_eustachio
D:5:      layout_rooms, lemuel_zombie_altar_yredelemnul,
          minmay_temple_entry_trees, chequers_serial_rivers_small_b,
          minmay_misc_feat_more_columns, small_statue_intersection,
          nicolae_shop_fire_sale [nicolae_sub_dead_trees]
D:6:      layout_loops_ring, uniq_pikel
D:7:      minmay_the_grid_triangle_9x9_recursive_2
          [minmay_the_grid_triangle_9x9_prize_special,
          minmay_the_grid_triangle_9x9_empty,
          minmay_the_grid_triangle_9x9_longest,
          minmay_the_grid_triangle_9x9_corrupted_corridor], layout_cave_pools,
          gammafunk_temple_overflow_wave, nzn_hepliaklqana_mist_gate,
          nicolae_elyvilon_peaceful_grove, serial_shops,
          nicolae_shop_overgrown_old_shop, uniq_crazy_yiuf_cottage, uniq_maggie

Notes
Turn   | Place    | Note
-------+----------+-------------------------------------------
     0 | D:1      | mcsnuffy the Deep Elf Fire Elementalist began the quest for
                  | the Orb.
     0 | D:1      | Reached XP level 1. HP: 10/10 MP: 6/6
   414 | D:1      | Reached XP level 2. HP: 15/15 MP: 6/8
   505 | D:1      | Reached skill level 4 in Fire Magic
   574 | D:1      | Found a faded altar of an unknown god.
   880 | D:1      | Found Wusadgh's Armour Shop.
  1283 | D:2      | Learned a level 2 spell: Scorch
  1368 | D:2      | Reached XP level 3. HP: 9/19 MP: 2/9
  1573 | D:2      | Noticed Robin
  1579 | D:2      | Killed Robin
  1580 | D:2      | Reached skill level 5 in Fire Magic
  1809 | D:2      | Reached XP level 4. HP: 24/24 MP: 3/10
  2692 | D:3      | Reached skill level 1 in Fighting
  2692 | D:3      | Reached XP level 5. HP: 29/29 MP: 6/11
  2747 | D:3      | Reached skill level 6 in Fire Magic
  2806 | D:2      | Learned a level 4 spell: Flame Wave
  2890 | D:3      | Found a snail-covered altar of Cheibriados.
  3068 | D:3      | Found a stormy altar of Qazlal.
  3182 | D:3      | Noticed an ogre
  3192 | D:3      | Killed an ogre
  3193 | D:3      | Reached skill level 2 in Fighting
  3193 | D:3      | Reached skill level 3 in Conjurations
  3424 | D:4      | Noticed an ogre
  3431 | D:4      | Killed an ogre
  3432 | D:4      | Reached XP level 6. HP: 35/35 MP: 3/13
  3535 | D:4      | Noticed Eustachio
  3540 | D:4      | Killed Eustachio
  3541 | D:4      | Reached skill level 4 in Spellcasting
  3541 | D:4      | Reached skill level 4 in Conjurations
  3598 | D:4      | Reached skill level 5 in Spellcasting
  3598 | D:4      | Reached XP level 7. HP: 40/40 MP: 11/16
  3633 | D:4      | Got Duecag's Tome of Malediction
  3651 | D:4      | Identified a potion of resistance
  3652 | D:4      | Identified a scroll of acquirement
  3688 | D:4      | Reached skill level 3 in Dodging
  3688 | D:4      | Reached skill level 5 in Conjurations
  4023 | D:4      | Found a shimmering blue altar of Sif Muna.
  4026 | D:4      | Became a worshipper of Sif Muna the Loreminder
  4247 | D:5      | Entered Level 5 of the Dungeon
  4251 | D:5      | Reached skill level 4 in Dodging
  4296 | D:5      | Reached skill level 4 in Fighting
  4296 | D:5      | Reached XP level 8. HP: 33/48 MP: 3/17
  4604 | D:5      | Reached skill level 6 in Conjurations
  4726 | D:5      | Reached skill level 7 in Fire Magic
  4941 | D:5      | Found a staircase to the Ecumenical Temple.
  5263 | D:5      | Found a basalt altar of Yredelemnul.
  5293 | D:5      | Found Kiexem's Fire Supplies.
  5352 | D:6      | Reached skill level 7 in Conjurations
  5602 | D:6      | Reached skill level 8 in Fire Magic
  5777 | D:6      | Noticed Pikel
  5782 | D:6      | Killed Pikel
  5783 | D:6      | Reached skill level 9 in Fire Magic
  5783 | D:6      | Reached XP level 9. HP: 52/52 MP: 2/18
  5989 | D:6      | Reached skill level 5 in Dodging
  6189 | D:6      | Reached * piety under Sif Muna
  6196 | D:6      | Reached skill level 6 in Dodging
  6692 | D:6      | Reached skill level 6 in Spellcasting
  6821 | D:7      | Noticed Maggie
  6831 | D:6      | Reached skill level 7 in Spellcasting
  7115 | D:7      | Reached skill level 8 in Spellcasting
  7198 | D:7      | Identified the +3 mace "Lifebane" {flame, rF+ Str-4 Int+4
                  | Stlth+}
  7325 | D:7      | Killed Maggie
  7326 | D:7      | Reached skill level 9 in Spellcasting
  7602 | D:7      | Noticed a seven-headed hydra
  7611 | D:7      | Killed a seven-headed hydra
  7611 | D:7      | Reached ** piety under Sif Muna
  7611 | D:7      | Noticed a manticore
  7612 | D:7      | Reached skill level 11 in Spellcasting
  7612 | D:7      | Reached XP level 10. HP: 23/56 MP: 16/27
  7616 | D:7      | Killed from afar by a manticore

Vanquished Creatures
  A hydra (D:7)
  Pikel (D:6)
  2 centaur zombies (D:5)
  Maggie (D:7)
  Eustachio (D:4)
  A black bear (D:4)
  A necrophage (D:5)
  3 orc warriors
  3 ogres
  A centaur (D:5)
  A phantom (D:7)
  4 scorpions
  A water moccasin zombie (D:5)
  2 wyvern skeletons
  A water moccasin skeleton (D:5)
  5 howler monkeys
  A jelly (D:3)
  A gnoll shaman (D:6)
  4 orc priests
  A hound (D:5)
  3 iguanas
  5 orc wizards
  A scorpion zombie (D:5)
  A hound zombie (D:5)
  Robin (D:2)
  5 gnolls
  7 adders
  A shadow imp (D:7)
  3 white imps
  3 ufetubi
  4 worms (D:2)
  2 dart slugs
  20 orcs
  10 ball pythons
  4 endoplasms (D:2)
  3 giant cockroaches
  13 goblins
  7 hobgoblins
  9 jackals
  5 kobolds
  4 quokkas
  6 bats
  A frilled lizard (D:1)
  2 rats (D:1)
156 creatures vanquished.

Vanquished Creatures (others)
  A butterfly (D:7)
  453 foxfires
  3 fungi (D:7)
  2 plants (D:7)
459 creatures vanquished.

Grand Total: 615 creatures vanquished

Table legend: (Time is in decaauts)
 A = Elapsed time spent in this place.
 B = Non-inter-level travel time spent in this place.
 C = Inter-level travel time spent in this place.
 D = Time resting spent in this place.
 E = Time spent auto-exploring this place.
 F = Levels seen in this place.
 G = Mean time per level.
                   A        B        C        D        E       F      G
               +--------+--------+--------+--------+--------+-----+--------+
         Total |   7622 |   7463 |    159 |   2041 |   4176 |   7 | 1088.9 |
       Dungeon |   7622 |   7463 |    159 |   2041 |   4176 |   7 | 1088.9 |
               +--------+--------+--------+--------+--------+-----+--------+

Top non-repeatable levels by time:
     D:6: 1622 daAuts
     D:2: 1510 daAuts
     D:1: 1234 daAuts
     D:5: 1060 daAuts
     D:4: 865 daAuts
     D:3: 681 daAuts
     D:7: 648 daAuts

Table legend:
 A = Non-vault XP
 B = Vault XP
 C = Vault XP percentage of total XP
 D = Non-vault monster count
 E = Vault monster count
 F = Vault count percentage of total count
                 A         B        C        D         E       F
            +---------+---------+-------+---------+---------+-------
      Total |    3534 |    2253 |  38.9 |     128 |      28 |  17.9
            +---------+---------+-------+---------+---------+-------
        D:1 |      21 |       4 |  16.0 |      12 |       2 |  14.3
        D:2 |      58 |      63 |  52.1 |      20 |      19 |  48.7
        D:3 |     225 |       0 |   0.0 |      14 |       0 |   0.0
        D:4 |     411 |     202 |  33.0 |      21 |       1 |   4.5
        D:5 |    1229 |     101 |   7.6 |      15 |       2 |  11.8
        D:6 |     759 |     617 |  44.8 |      25 |       1 |   3.8
        D:7 |     831 |    1266 |  60.4 |      21 |       3 |  12.5
            +---------+---------+-------+---------+---------+-------
